 Dungeon Crawl Stone Soup version 0.16.1-30-g34a7ffa (webtiles) character file.

140 Jb9000 the Covered (level 5, 0/33 HPs)
             Began as a Gargoyle Fighter on July 1, 2015.
             Was a Follower of Dithmenos.
             Slain by a gnoll
             ... wielding a +0 spear
              (1 damage)
             ... on level 4 of the Dungeon.
             The game lasted 00:14:03 (2153 turns).

Jb9000 the Covered (Gargoyle Fighter)               Turns: 2153, Time: 00:14:03

Health: 0/33       AC: 13    Str: 19    XL:     5   Next: 22%
Magic:  5/6        EV:  7    Int:  9    God:    Dithmenos [*.....]
Gold:   152        SH:  9    Dex: 10    Spells: 0 memorised, 5 levels left

rFire  . . .     SeeInvis .     v - +3 mace (crush)
rCold  . . .     Clarity  .     b - +0 scale mail
rNeg   + . .     SustAb   .     c - +0 shield
rPois  ∞         Gourm    .     (helmet restricted)
rElec  +         Spirit   .     u - +0 cloak
rCorr  .         Warding  .     (no gloves)
rMut   .         Stasis   .     h - +0 pair of boots
MR     +....                    (no amulet)
Stlth  ..........               (no ring)
                                q - ring of protection from magic

@: hasted, wreathed by umbra, very quick, somewhat resistant to hostile
enchantments, extremely unstealthy
A: antennae 1, negative energy resistance 1, electricity resistance,
unbreathing, petrification resistance, rot immunity, AC +4
a: Renounce Religion


You were on level 4 of the Dungeon.
You worshipped Dithmenos.
Dithmenos was aware of your devotion.
You were not hungry.

You visited 1 branch of the dungeon, and saw 4 of its levels.

You collected 152 gold pieces.

Inventory:

Hand weapons
 v - a +3 mace of crushing (weapon)
Missiles
 k - 17 poisoned needles
 m - 17 arrows
 r - 6 tomahawks (quivered)
Armour
 b - a +0 scale mail (worn)
 c - a +0 shield (worn)
 h - a +0 pair of boots (worn)
 u - a +0 cloak (worn)
Jewellery
 q - a ring of protection from magic (left hand)
Scrolls
 a - a scroll of amnesia
 i - a scroll of remove curse
Potions
 e - a potion of might
 j - a potion of agility {unknown}
 l - a potion of restore abilities
 o - a potion of magic {unknown}
 p - a potion of curing {unknown}
 w - a potion of flight {unknown}
Comestibles
 d - 4 bread rations
 g - 3 chunks of flesh


   Skills:
 + Level 3.7 Fighting
 + Level 2.4 Maces & Flails
 + Level 3.9 Armour
 * Level 1.1 Dodging
 * Level 2.4 Stealth
 + Level 3.5 Shields
 + Level 0.8 Spellcasting
 + Level 1.5 Invocations


You had 5 spell levels left.
You didn't know any spells.

Dungeon Overview and Level Annotations

Branches:
Dungeon (4/15)
 Temple: D:4-7

Altars:
Dithmenos


Innate Abilities, Weirdness & Mutations

You are resistant to torment.
You are immune to poison.
Your stone body is very resilient (AC +4).
You resist negative energy.
You are resistant to electric shocks.
You can survive without breathing.
You are immune to petrification.
You are immune to rotting.
You have a pair of small antennae on your head.


Message History

You struggle against the net.
The gnoll hits you but does no damage. The gnoll hits you.
The gnoll completely misses you.
The gnoll hits you from afar with a halberd!
You shred the net and break free! The gnoll hits you.
The gnoll hits you from afar with a spear.
The gnoll hits you from afar with a halberd.
* * * LOW HITPOINT WARNING * * *
The gnoll hits you but does no damage.
You thump the gnoll!
You kill the gnoll!
Dithmenos accepts your kill. The gnoll hits you.
* * * LOW HITPOINT WARNING * * *
The gnoll hits you from afar with a spear.
* * * LOW HITPOINT WARNING * * *
The gnoll hits you but does no damage.
Drink which item? (? for menu, Esc to quit)
You feel yourself speed up. The gnoll hits you but does no damage.
The gnoll hits you from afar with a spear.
You die...

######### ####
........######...#
......gg.......# ###
#..gg)@......# ..#
......##.......# ...
##. #.####.#...# #.#
#.# #.# ### #.# #.#
#.# #.# #.# #.# #.#
#.# #.#######.###
.##.####...))......)
...........##.###..#


You could see 4 gnolls.

Vanquished Creatures
  4 gnolls (D:4)
  3 adders
  3 worms
  11 orcs
  7 bats
  3 goblins
  9 hobgoblins
  A jackal (D:2)
  9 kobolds
  2 quokkas
  7 giant cockroaches
  A giant gecko (D:3)
  6 giant newts
  6 rats
72 creatures vanquished.

Notes
Turn   | Place    | Note
--------------------------------------------------------------
     0 | D:1      | Jb9000, the Gargoyle Fighter, began the quest for the Orb.
     0 | D:1      | Reached XP level 1. HP: 14/14 MP: 1/1
   223 | D:1      | Reached XP level 2. HP: 19/19 MP: 2/2
   732 | D:2      | Found a shadowy altar of Dithmenos.
   754 | D:2      | Became a worshipper of Dithmenos the Shadowed
   880 | D:2      | Reached XP level 3. HP: 23/23 MP: 3/3
   898 | D:2      | Reached skill level 1 in Stealth
  1581 | D:3      | Reached XP level 4. HP: 29/29 MP: 4/4
  1605 | D:3      | Reached skill level 1 in Invocations
  1916 | D:3      | Gained mutation: You have a pair of small antennae on your head. [potion of beneficial mutation]
  2067 | D:4      | Reached skill level 1 in Dodging
  2124 | D:4      | Reached XP level 5. HP: 33/33 MP: 5/5
  2152 | D:4      | HP: 1/33 [gnoll/spear (4)]
  2153 | D:4      | Slain by a gnoll

Action                   |  1- 3 |  4- 6 || total
-------------------------+-------+-------++-------
Melee: Flail             |   121 |    13 ||   134
       Mace              |       |    76 ||    76
  Use: Potion            |     1 |     5 ||     6
       Scroll            |       |     7 ||     7
  Eat: Chunk             |     3 |     2 ||     5
